 Dungeon Crawl Stone Soup version 0.26.1-10-gdfb7c7de75 (webtiles) character file.

Game seed: 12543439922006773667

61066 Amplified the Warrior (level 15, -1/129 HPs)
             Began as a Barachi Artificer on Mar 31, 2021.
             Was an Initiate of Gozag.
             Slain by a deep troll (11 damage)
             ... on level 2 of the Depths.
             The game lasted 00:39:20 (26444 turns).

Amplified the Warrior (Barachi Artificer)          Turns: 26444, Time: 00:39:21

Health: -1/129     AC: 21    Str: 20    XL:     15   Next: 1%
Magic:  15/15      EV: 16    Int: 21    God:    Gozag
Gold:   127        SH:  0    Dex: 12    Spells: 14/14 levels left

rFire    + . .     SeeInvis .   D - +5 scythe "Finisher" {speed, eviscerate}
rCold    + . .     Faith    .   (shield currently unavailable)
rNeg     . . .     Spirit   .   d - quicksilver dragon scales of Loss {Will+ Int+3}
rPois    +         Reflect  .   J - +0 helmet
rElec    +         Harm     .   H - +1 cloak of Lies {Slay+5}
rCorr    +         Rampage  .   (no gloves)
Will     +++..                  F - +2 pair of boots
Stlth    +.........             N - amulet of the acrobat
HPRegen  0.31/turn              h - ring of willpower
MPRegen  0.14/turn              j - +6 ring of intelligence

@: mighty, resistant, can't hop, slow
A: +LOS, swims, slowness 1, strong legs 2
a: Hop, Renounce Religion, Potion Petition, Call Merchant, Bribe Branch


You were on level 2 of the Depths.
You worshipped Gozag.
Gozag was aware of your devotion.
You visited 4 branches of the dungeon, and saw 20 of its levels.
You visited 1 bazaar.
You also visited: Ossuary.

You collected 7116 gold pieces.
You spent 3923 gold pieces at shops.
You paid 3066 gold pieces to Gozag.

Inventory:

Hand Weapons
 D - the +5 scythe "Finisher" (weapon) {speed, eviscerate}
   (You found it on level 8 of the Dungeon)

   Attacks with this weapon are significantly faster.
 I - the +7 long sword of Mastery {flame, Fragile Str+6 Int+4}
   (You found it on level 8 of the Dungeon)

   It has been specially enchanted to burn those struck by it, causing extra
   injury to most foes and up to half again as much damage against particularly
   susceptible opponents.
   Big, fiery blades are also staple armaments of hydra-hunters.
   It affects your strength (+6).
   It affects your intelligence (+4).
   It will be destroyed if unequipped.
 R - the +7 quarterstaff "Veodietekk" {venom, Dex+3}
   (You found it on level 10 of the Dungeon)

   It poisons the flesh of those it strikes.
   It affects your dexterity (+3).
Missiles
 m - 8 javelins
 L - 3 throwing nets
 P - 21 poisoned darts
Armour
 d - the quicksilver dragon scales of Loss (worn) {Will+ Int+3}
   (You bought it in a shop on level 5 of the Dungeon)

   It affects your intelligence (+3).
   It affects your willpower, your defense against some magical effects.
 F - a +2 pair of boots (worn)
 H - the +1 cloak of Lies (worn) {Slay+5}
   (You acquired it on level 5 of the Dungeon)

   It affects your accuracy and damage with ranged weapons and melee attacks
   (+5).
 J - a +0 helmet (worn)
 M - the +2 shield of Resistance {rF++ rC++ Will++}
   (You found it on level 9 of the Dungeon)

   It greatly protects you from fire.
   It greatly protects you from cold.
   It affects your willpower, your defense against some magical effects.
Jewellery
 b - an uncursed ring of ice
 c - an uncursed ring of magical power
 g - an uncursed ring of wizardry
 h - a ring of willpower (left hand)
 i - an uncursed ring of positive energy
 j - a +6 ring of intelligence (right hand)
 t - an uncursed amulet of faith {unknown}
 K - an uncursed amulet of guardian spirit {unknown}
 N - an amulet of the acrobat (around neck)
Wands
 a - a wand of polymorph (17)
 e - a wand of random effects (24)
 l - a wand of acid (8)
 o - a wand of flame (15)
 p - a wand of paralysis (1)
 B - a wand of digging (21)
 C - a wand of iceblast (8)
Scrolls
 n - 5 scrolls of remove curse
 r - a scroll of magic mapping
 s - a scroll of enchant armour
 u - 2 scrolls of identify
 x - 3 scrolls of enchant weapon
 y - 3 scrolls of amnesia
 E - a scroll of vulnerability
Potions
 f - 7 potions of brilliance
 v - 3 potions of attraction
 w - a potion of curing
 A - a potion of might
 Q - a potion of magic


   Skills:
 * Level 15.3 Fighting
 - Level 7.7(11.0) Axes
 - Level 6.7(8.4) Maces & Flails
 * Level 9.7(10.6) Polearms
 * Level 11.7 Armour
 * Level 10.6 Dodging
 - Level 0.8 Stealth
 - Level 10.2 Shields
 + Level 9.8 Evocations


You had 14 spell levels left.
You didn't know any spells.
Your spell library contained the following spells:

 Spells                   Type           Power        Failure   Level
 Shock                    Conj/Air       0%           26%         1
 Blink                    Tloc           N/A          36%         2
 Poisonous Vapours        Pois/Air       0%           36%         2
 Swiftness                Air            0%           36%         2
 Conjure Flame            Conj/Fire      0%           61%         3
 Gell's Gravitas          Tloc           0%           61%         3
 Lesser Beckoning         Tloc           0%           61%         3
 Mephitic Cloud           Conj/Pois/Air  0%           61%         3
 Static Discharge         Conj/Air       0%           61%         3
 Stone Arrow              Conj/Erth      0%           61%         3
 Teleport Other           Tloc           0%           61%         3
 Airstrike                Air            0%           95%         4
 Cause Fear               Hex            0%           95%         4
 Fulminant Prism          Conj/Hex       0%           95%         4
 Passage of Golubria      Tloc           N/A          95%         4
 Summon Lightning Spire   Summ/Air       0%           95%         4
 Irradiate                Conj/Tmut      0%           100%        5
 Lightning Bolt           Conj/Air       0%           100%        5
 Silence                  Hex/Air        0%           100%        5
 Yara's Violent Unravell  Hex/Tmut       0%           100%        5
 Conjure Ball Lightning   Conj/Air       0%           100%        6
 Freezing Cloud           Conj/Ice/Air   0%           100%        6
 Dragon Form              Tmut           0%           100%        7
 Malign Gateway           Summ/Tloc      0%           100%        7
 Monstrous Menagerie      Summ           0%           100%        7
 Summon Greater Demon     Summ           0%           100%        7
 Discord                  Hex            0%           100%        8
 Summon Horrible Things   Summ           0%           100%        8
 Tornado                  Air            0%           100%        9


Dungeon Overview and Level Annotations

Branches:
Dungeon (15/15)            Temple (0/1) D:7            Lair (1/6) D:11
    Orc (2/2) D:11            Elf (0/3) Orc:2        Vaults (0/5) D:14
 Depths (2/5) D:15        Ossuary (visited)

Altars:
Ashenzari
Gozag
Kikubaaqudgha
Makhleb
Qazlal
Ru
Trog
Uskayaw
Wu Jian
Xom
Zin
The Shining One
Beogh

Shops:
D:5 *   D:12 [   Orc:2 [(}*(

Portals:
Trove: D:11 (give +2 gold dragon scales)

Annotations:
D:9 Might as well win now
D:11 3 runed translucent doors, Phaedo's ghost, journeyman DgDe; Sackgasse's ghost, journeyman MiBe; TangoThomas's ghost, journeyman NaVM
D:15 3 runed translucent doors, Cykl0x's ghost, journeyman MiFi; Hezyedug's ghost, journeyman DEDe


Innate Abilities, Weirdness & Mutations

You can be seen from farther away. (+LOS)
You can swim through water.
You cover ground slowly.
You can hop long distances.


Message History

Okay, then.
Okay, then.
You feel better.
The two-headed ogre hits you with a +0 giant club.
* * * LOW HITPOINT WARNING * * *
The two-headed ogre hits you with a +0 giant club.
* * * LOW HITPOINT WARNING * * *
The two-headed ogre closely misses you.
The two-headed ogre hits you with a +0 giant club.
* * * LOW HITPOINT WARNING * * *
Unknown command.
Unknown command.
Okay, then.
You closely miss the two-headed ogre.
Some rock shatters into small pieces.
The two-headed ogre hits you with a +0 giant club!
* * * LOW HITPOINT WARNING * * *
The two-headed ogre hits you but does no damage.
The deep troll barely misses you. The deep troll claws you!
You die...
Your body crumbles into a pile of gold.

### #..# #..#
######..#########
#.....GO@TT......
#......O.T..<....
#....<...TT......
#........#.T.....
#........#.......
#.......##...####
#.......# ###
#........
#.........


You could see a great orb of eyes, 2 two-headed ogres, 3 deep trolls, 2 deep
troll earth magi and a deep troll shaman.

Vanquished Creatures
  Rupert (D:14)
  An orc warlord (Orc:2)
  Erolcha (D:13)
  A vault guard (D:11)
  A rakshasa (D:9)
  Fannar (Orc:1)
  2 hydras (D:15)
  2 boulder beetles
  10 two-headed ogres
  A death knight (D:15)
  4 centaur warriors
  A tengu warrior (D:15)
  3 orc high priests (Orc:2)
  Urug (D:14)
  Nergalle (D:11)
  A skeletal warrior (D:9)
  A wizard (D:15)
  2 orc knights
  12 ugly things
  An orc sorcerer (Orc:2)
  A deep elf mage (D:9)
  A moth of wrath (D:2)
  2 manticores
  4 cyclopes
  2 gargoyles
  3 centaur skeletons
  A cane toad (Lair:1)
  Maggie (D:6)
  2 kobold demonologists
  6 trolls
  2 hornets
  A raiju (D:8)
  A raiju (shapeshifter) (D:13)
  18 yaks
  6 wraiths
  A wyvern (D:15)
  A hog (shapeshifter) (D:13)
  2 basilisks (D:15)
  Grum (D:11)
  A steam dragon (D:9)
  16 humans (D:14)
  A golden eye (shapeshifter) (D:9)
  5 vampire mosquitoes
  2 soldier ants
  10 wargs
  A water moccasin (D:10)
  An acid dragon (D:15)
  Duvessa (D:6)
  6 ice beasts
  9 sky beasts
  A swamp drake (D:11)
  13 ogres
  32 orc warriors
  2 eyes of draining (D:9)
  4 phantoms
  A necrophage (D:5)
  2 wolves (D:11)
  12 centaurs
  6 big kobolds
  A gnoll sergeant (Orc:2)
  11 bullfrogs
  A wyvern skeleton (D:14)
  Dowan (D:6)
  5 scorpions
  10 killer bees (D:13)
  13 wights
  8 howler monkeys
  6 bullfrog zombies
  A quasit (D:9)
  2 centaur zombies
  2 jellies
  25 orc priests
  4 bullfrog skeletons
  11 hounds
  24 orc wizards
  3 iguanas
  8 worker ants
  6 big kobold zombies (Ossuary)
  A hound skeleton (D:6)
  A mummy (Ossuary)
  A worker ant zombie (D:9)
  8 gnolls
  A howler monkey skeleton (D:5)
  15 adders
  2 shadow imps
  3 white imps
  8 ufetubi
  3 oozes
  An adder skeleton (D:9)
  An adder zombie (D:9)
  8 worms
  3 dart slugs
  4 leopard geckos
  96 orcs
  4 spectral bats (Ossuary)
  9 bats
  9 giant cockroaches
  6 gnoll zombies (Ossuary)
  4 goblins
  6 hobgoblins
  8 jackals
  22 kobolds
  7 quokkas
  2 ball pythons (D:1)
  2 bat simulacra (Ossuary)
  4 frilled lizards
  3 goblin simulacra (Ossuary)
  4 goblin zombies (Ossuary)
  4 hobgoblin zombies (Ossuary)
  A kobold simulacrum (Ossuary)
  4 kobold zombies (Ossuary)
  A leopard gecko zombie (D:8)
  5 orc zombies (Ossuary)
  9 rats
  3 rat simulacra (Ossuary)
  A spectral goblin (Ossuary)
  A spectral kobold (Ossuary)
  5 spectral rats (Ossuary)
652 creatures vanquished.

Vanquished Creatures (collateral kills)
  A deep elf mage (D:9)
  A goblin zombie (Ossuary)
2 creatures vanquished.

Vanquished Creatures (others)
  A centaur warrior (D:9)
  An adder (D:4)
  2 orcs
  2 goblin simulacra (Ossuary)
  A kobold simulacrum (Ossuary)
  14 plants (D:9)
21 creatures vanquished.

Grand Total: 675 creatures vanquished

Notes
Turn   | Place    | Note
-------+----------+-------------------------------------------
     0 | D:1      | Amplified the Barachi Artificer began the quest for the
                  | Orb.
     0 | D:1      | Reached XP level 1. HP: 15/15 MP: 1/1
   189 | D:1      | Reached XP level 2. HP: 18/21 MP: 2/2
   799 | D:1      | Reached skill level 2 in Fighting
   799 | D:1      | Reached skill level 1 in Maces & Flails
   905 | D:1      | Reached skill level 1 in Shields
  1014 | D:2      | Found a burning altar of Makhleb.
  1137 | D:1      | Reached XP level 3. HP: 17/27 MP: 3/3
  2174 | D:3      | Reached XP level 4. HP: 23/34 MP: 4/4
  2662 | D:3      | Found a glowing silver altar of Zin.
  2923 | D:3      | Reached skill level 3 in Fighting
  2976 | D:3      | Found an opulent altar of Gozag.
  2984 | D:3      | Became a worshipper of Gozag Ym Sagoz the Greedy
  3121 | D:3      | You fall into a shaft and drop 3 floors!
  3135 | D:6      | Reached XP level 5. HP: 32/41 MP: 5/5
  3221 | D:6      | Noticed a phantom
  3230 | D:5      | Entered Level 5 of the Dungeon
  3317 | D:5      | Noticed a necrophage
  3368 | D:4      | Noticed a phantom
  3521 | D:4      | Reached XP level 6. HP: 34/48 MP: 6/6
  3627 | D:4      | Killed a phantom
  3628 | D:4      | Reached skill level 4 in Fighting
  3689 | D:4      | Found a sand-covered staircase.
  3824 | Ossuary  | Entered an ossuary
  4047 | Ossuary  | Reached XP level 7. HP: 54/54 MP: 7/7
  4700 | Ossuary  | Reached skill level 5 in Fighting
  4985 | D:4      | Got a masterwork scale mail
  4996 | D:4      | Identified the cursed +0 scale mail of the Miller {+Blink
                  | rF+ Regen+} (You found it on level 4 of the Dungeon)
  5677 | D:2      | Noticed a moth of wrath
  5679 | D:2      | Found a bloodstained altar of Trog.
  5717 | D:2      | Killed a moth of wrath
  5718 | D:2      | Reached skill level 6 in Fighting
  5718 | D:2      | Reached skill level 5 in Maces & Flails
  5718 | D:2      | Reached skill level 5 in Shields
  5718 | D:2      | Reached skill level 5 in Evocations
  5718 | D:2      | Reached XP level 8. HP: 55/64 MP: 8/8
  6005 | D:5      | Found a glowing golden altar of the Shining One.
  6205 | D:5      | Bought a smoky grey potion for 18 gold pieces
  6457 | D:5      | Found an ornate altar of the Wu Jian Council.
  6527 | D:5      | Found a broken altar of Ashenzari.
  6652 | D:5      | Reached skill level 7 in Fighting
  6834 | D:6      | Noticed Duvessa
  6834 | D:6      | Noticed Dowan
  6842 | D:6      | Killed Dowan
  6845 | D:6      | Killed Duvessa
  6846 | D:6      | Reached XP level 9. HP: 72/72 MP: 9/9
  7038 | D:6      | Found a hide-covered altar of Uskayaw.
  7093 | D:6      | Noticed Maggie
  7105 | D:6      | Killed Maggie
  7264 | D:6      | Reached skill level 1 in Axes
  7860 | D:7      | Reached skill level 8 in Fighting
  8034 | D:7      | Reached skill level 11 in Fighting
  8034 | D:7      | Reached skill level 10 in Shields
  8034 | D:7      | Reached XP level 10. HP: 65/87 MP: 10/10
  8692 | D:7      | Found a staircase to the Ecumenical Temple.
  8739 | D:8      | Found a stormy altar of Qazlal.
  8742 | D:8      | Noticed Harold
  8756 | D:8      | Noticed Harold
  8756 | D:8      | Harold changed into Harold the raiju
  8981 | D:8      | Found a sacrificial altar of Ru.
  9142 | D:8      | Found the +5 scythe "Finisher" {speed, eviscerate}
  9695 | D:8      | Got a transparent long sword
  9696 | D:8      | Identified the +7 long sword of Mastery {flame, Fragile
                  | Str+6 Int+4} (You found it on level 8 of the Dungeon)
  9988 | D:8      | Reached skill level 1 in Polearms
  9988 | D:8      | Reached XP level 11. HP: 81/93 MP: 11/11
 10288 | D:8      | Killed Harold the raiju
 10347 | D:8      | Found a shimmering altar of Xom.
 10356 | D:8      | Noticed a two-headed ogre
 10371 | D:8      | Killed a two-headed ogre
 10842 | D:9      | Found a glowing golden altar of the Shining One.
 10990 | D:9      | Noticed a centaur warrior
 10997 | D:9      | Killed a centaur warrior
 11225 | D:9      | Noticed a two-headed ogre
 11230 | D:9      | Killed a two-headed ogre
 11486 | D:9      | Noticed a skeletal warrior
 11486 | D:9      | Noticed a rakshasa
 11486 | D:9      | Noticed a deep elf mage
 11486 | D:9      | Noticed a centaur warrior
 11493 | D:9      | Killed a deep elf mage
 11516 | D:10     | Entered Level 10 of the Dungeon
 11677 | D:10     | Reached skill level 5 in Armour
 11698 | D:10     | Reached skill level 12 in Fighting
 12438 | D:5      | Bought agate-encrusted quicksilver dragon scales for 1300
                  | gold pieces
 12438 | D:5      | Identified a scroll of acquirement
 12439 | D:5      | Identified the cursed quicksilver dragon scales of Loss
                  | {Will+ Int+3} (You bought it in a shop on level 5 of the
                  | Dungeon)
 12608 | D:9      | Killed a skeletal warrior
 12893 | D:9      | Acquired the +1 cloak of Lies {Slay+5}
 12995 | D:9      | Found the +2 shield of Resistance {rF++ rC++ Will++}
 13095 | D:9      | Noticed a deep elf mage
 13127 | D:9      | Noticed a sun demon
 13127 | D:9      | Killed a deep elf mage
 13373 | D:9      | Identified the Incunabulum of Mutagenic Conjuration
 13491 | D:9      | Reached skill level 5 in Dodging
 13491 | D:9      | Reached XP level 12. HP: 103/103 MP: 12/12
 13596 | D:9      | Killed a rakshasa
 13991 | D:10     | Got a smoking quarterstaff
 13992 | D:10     | Identified the +7 quarterstaff "Veodietekk" {venom, Dex+3}
                  | (You found it on level 10 of the Dungeon)
 14021 | D:11     | Found a runed translucent gate.
 14021 | D:11     | Found a runed translucent gate.
 14021 | D:11     | Found a runed translucent gate.
 14060 | D:11     | Noticed TangoThomas's ghost (journeyman NaVM)
 14060 | D:11     | Noticed Phaedo's ghost (journeyman DgDe)
 14061 | D:11     | Noticed Sackgasse's ghost (journeyman MiBe)
 14305 | D:11     | Noticed Nergalle
 14314 | D:11     | Noticed a two-headed ogre
 14322 | D:11     | Killed Nergalle
 14331 | D:11     | Killed a two-headed ogre
 14332 | D:11     | Reached skill level 5 in Polearms
 14359 | D:11     | Noticed a vault guard
 14361 | D:11     | Killed a vault guard
 14366 | D:11     | Found a portal to a secret trove of treasure.
 14382 | D:11     | Noticed a two-headed ogre
 14388 | D:11     | Killed a two-headed ogre
 14847 | D:11     | Found a staircase to the Lair.
 14871 | D:11     | Noticed Grum
 14884 | D:11     | Killed Grum
 15077 | D:11     | Found a staircase to the Orcish Mines.
 15392 | D:12     | Reached skill level 13 in Fighting
 15557 | D:12     | Noticed a two-headed ogre
 15562 | D:12     | Killed a two-headed ogre
 15673 | D:12     | Bought a translucent chain mail for 237 gold pieces
 15673 | D:12     | Bought a jewelled leather armour for 175 gold pieces
 15684 | D:12     | Identified the +6 chain mail "Opsall" {Will+} (You bought
                  | it in a shop on level 12 of the Dungeon)
 15695 | D:12     | Identified the cursed +0 leather armour of the Worm {rPois
                  | Str+3 Int-4} (You bought it in a shop on level 12 of the
                  | Dungeon)
 16007 | D:12     | You fall into a shaft and drop 1 floor!
 16455 | Lair:1   | Entered Level 1 of the Lair of Beasts
 16463 | Lair:1   | Gained mutation: You can hop long distances. [Barachi
                  | growth]
 16463 | Lair:1   | Reached XP level 13. HP: 98/111 MP: 13/13
 17046 | Orc:1    | Entered Level 1 of the Orcish Mines
 17314 | Orc:2    | Entered Level 2 of the Orcish Mines
 17680 | D:13     | Noticed Erolcha
 17829 | D:13     | Killed Erolcha
 19233 | D:14     | Found a gateway to a bazaar.
 19759 | D:14     | Noticed Rupert
 19764 | D:14     | Found a gate to the Vaults.
 19764 | D:14     | Noticed Urug
 19774 | D:14     | Killed Rupert
 19775 | D:14     | Reached skill level 14 in Fighting
 19806 | D:14     | Killed Urug
 19885 | D:14     | Reached skill level 10 in Armour
 20013 | D:14     | Reached XP level 14. HP: 72/121 MP: 14/14
 20758 | D:15     | Entered Level 15 of the Dungeon
 21446 | D:15     | Found a staircase to the Depths.
 21446 | D:15     | Noticed a fire giant
 21634 | D:15     | Found an opulent altar of Gozag.
 22046 | Orc:2    | Found Qosaer's Assorted Antiques.
 22184 | Orc:2    | Found a roughly hewn altar of Beogh.
 22257 | Orc:2    | Found Koruajuv's Antique Weapon Emporium.
 22457 | Orc:2    | Found a roughly hewn altar of Beogh.
 22587 | Orc:2    | Found a roughly hewn altar of Beogh.
 22668 | Orc:2    | Found a staircase to the Elven Halls.
 23043 | Orc:2    | Noticed an orc warlord
 23380 | Orc:2    | Killed an orc warlord
 23636 | Orc:2    | Found a roughly hewn altar of Beogh.
 23718 | Orc:2    | Found Ucriggem's Antique Weapon Shop.
 23719 | Orc:2    | Found a roughly hewn altar of Beogh.
 23721 | Orc:2    | Found Catatzea's Antique Armour Boutique.
 23798 | Orc:2    | Found a roughly hewn altar of Beogh.
 23887 | Orc:2    | Found a roughly hewn altar of Beogh.
 23887 | Orc:2    | Found Bekutoci's Gadget Emporium.
 23893 | Orc:2    | Reached skill level 10 in Dodging
 24423 | Orc:1    | Reached skill level 15 in Fighting
 24455 | Orc:1    | Identified the cursed +0 leather armour "Xepsah" {rN+ SInv
                  | Stlth-}
 24723 | Orc:1    | Noticed Fannar
 24726 | Orc:1    | Killed Fannar
 25059 | Bazaar   | Entered a bazaar
 25065 | Bazaar   | Found Hyoz's Book Shop.
 25091 | Bazaar   | Found Taxefuad's Gadget Shop.
 25100 | Bazaar   | Bought a wand of acid (8) for 264 gold pieces
 25120 | Bazaar   | Bought a Grand Grimoire for 1214 gold pieces
 25120 | Bazaar   | Bought a book of Spatial Translocations for 715 gold pieces
 26098 | D:15     | Found a runed translucent gate.
 26098 | D:15     | Found a runed translucent gate.
 26098 | D:15     | Found a runed translucent gate.
 26099 | D:15     | Found an ancient bone altar of Kikubaaqudgha.
 26101 | D:15     | Noticed a lich
 26101 | D:15     | Noticed Cykl0x's ghost (journeyman MiFi)
 26101 | D:15     | Noticed Hezyedug's ghost (journeyman DEDe)
 26103 | D:15     | Noticed a lich
 26110 | D:15     | Noticed a lich
 26296 | D:15     | Reached XP level 15. HP: 129/129 MP: 15/15
 26434 | Depths:1 | Entered Level 1 of the Depths
 26444 | Depths:2 | Slain by a deep troll

Illustrated notes

Levels and vault maps discovered:
D:1:      minmay_arrival_radiant_lines, layout_loops_ring,
          corexii_item_surrounded_by_moat
D:2:      layout_rooms, tgw_trog, bloody_makhleb
D:3:      layout_rooms, pdpol_temple_overflow_zin_treasury_gozag_greed,
          serial_forest, infiniplex_forest_clump_long, infiniplex_forest_lined_1
D:4:      layout_basic, nicolae_ossuary_entry_ruins, serial_glass,
          glass_columns_b, glass_columns_a
D:5:      minmay_thinvault, layout_loops_ring, nzn_wu_jian_council_hall,
          lemuel_crystal_altar, tso_metal_star
D:6:      layout_gridville, eat_drink_and_be_merry_uskayaw, uniq_maggie,
          uniq_duvessa
D:7:      layout_loops_corners, minmay_temple_entry_poolview, chequers_arboretum
D:8:      layout_basic, overflow_temple_1_default,
          nicolae_qazlal_general_emergency, lemuel_doored_altar,
          minmay_guarded_unrand_finisher, uniq_harold
D:9:      minmay_the_grid_4x2 [minmay_the_grid_garden,
          minmay_the_grid_tiny_cups, minmay_the_grid_zigzag_pyramid,
          minmay_the_grid_medium_cups, minmay_the_grid_minigrid_small_alt,
          minmay_the_grid_dragon_a, minmay_the_grid_tree,
          minmay_the_grid_prize_shrinking_boxes], layout_rooms,
          overflow_temple_1_default
D:10:     layout_irregular_city
D:11:     layout_big_octagon, lair_entry_dummy, erik_orc_1, enter_trove_5,
          gammafunk_ghost_cemetery, uniq_nergalle, uniq_grum
D:12:     layout_irregular_city
D:13:     layout_irregular_city, serial_rivers, chequers_serial_rivers_micro_a,
          chequers_serial_rivers_marsh, chequers_serial_rivers_micro_e,
          chequers_serial_rivers_small_b, uniq_erolcha
D:14:     layout_irregular_city, david_vaults_3, serial_shops,
          bzr_entry_lakeside
D:15:     grunt_enter_depths_giant_problem, layout_stronghold,
          gammafunk_ghost_crypt, nicolae_gozag_seed_capital,
          chequers_serial_rivers_large_a, minmay_alternating_orb
Lair:1:   layout_chaotic_city, ebering_ghost_xom,
          grunt_forest_large_clearing_hut
Orc:1:    layout_caves, nooodl_orcs_dogs, uniq_fannar
Orc:2:    grunt_orc_community_town_hall, layout_diamond_mine,
          grunt_orc_community_big_house_2, grunt_orc_community_big_house_1,
          grunt_orc_community_house_1, grunt_orc_community_house_2,
          grunt_orc_community_house_2, grunt_orc_community_house_2,
          grunt_orc_community_house_2, serial_shops, nicolae_shop_behind_doors
Depths:1: minmay_crescents, layout_basic, enter_ziggurat_c,
          ebering_dispersal_statue_hall, hell_entry, grunt_ministairs_7,
          doesnt_xom_only_xom
Depths:2: nicolae_legendary_halls, layout_gridville, grunt_pan_entry_sceptre,
          lightli_too_deep, infiniplex_staircase_squiggle, minmay_acid_items

Skill      XL: |  1  2  3  4  5  6  7  8  9 10 11 12 13 14 |
---------------+-------------------------------------------+-----
Fighting       | 2 3 4 6 7 11 12 13 14 15 | 15.3
Maces & Flails | 1 2 3 5 6 |  6.7
Shields        | 1 2 3 5 6 10 | 10.2
Evocations     | 4 5 6 7 8 9 |  9.8
Axes           | 7 |  7.7
Armour         | 3 6 8 10 11 | 11.7
Polearms       | 1 4 6 8 9 |  9.7
Dodging        | 5 7 9 10 | 10.6
Stealth        | |  0.8

Action                   |  1- 3 |  4- 6 |  7- 9 | 10-12 | 13-15 || total
-------------------------+-------+-------+-------+-------+-------++-------
Melee: Club              |   185 |    68 |       |       |       ||   253
       Whip              |       |   201 |   227 |       |       ||   428
       Dagger            |       |       |    64 |       |       ||    64
       Short sword       |       |       |   127 |       |       ||   127
       War axe           |       |       |    80 |   133 |       ||   213
       Scythe            |       |       |       |   543 |   746 ||  1289
       Quarterstaff      |       |       |       |       |    14 ||    14
Invok: Call Merchant     |       |       |     1 |     1 |       ||     2
       Potion Petition   |       |       |       |       |     3 ||     3
 Abil: Hop               |     1 |     2 |       |     1 |     5 ||     9
Evoke: Wand              |     7 |    33 |    18 |     9 |    10 ||    77
  Use: Scroll            |     2 |     9 |     7 |    16 |    14 ||    48
       Potion            |       |     3 |     3 |     9 |    21 ||    36
 Stab: Distracted        |       |     1 |     1 |     1 |     6 ||     9
       Sleeping          |       |       |       |     1 |       ||     1
       Invisible         |       |       |       |     2 |     5 ||     7
Armor: Leather armour    |    76 |    11 |       |       |       ||    87
       Skin              |       |    54 |       |       |    12 ||    66
       Plate armour      |       |   103 |    98 |       |       ||   201
       Scale mail        |       |       |    46 |       |       ||    46
       Acid dragon scale |       |       |    25 |   105 |       ||   130
       Quicksilver drago |       |       |       |   174 |   253 ||   427
Dodge: Dodged            |   118 |    45 |    65 |   424 |   526 ||  1178
Block: Kite shield       |    92 |   166 |   226 |    79 |       ||   563
